 Dungeon Sprint DCSS version 0.27-a0-1217-g8a41f320e8 (webtiles) character file.

Game seed: 8111504699875350206

4272 mhtbhm the Cleaver (level 10, 0/101 HPs)
             Began as a Minotaur Berserker on June 5, 2021.
             Was a High Priest of Trog.
             Killed from afar by an oklob plant shifter (17 damage)
             ... with a splash of acid
             ... in the Dungeon (Sprint IV: "Fedhas' Mad Dash").
             The game lasted 00:02:47 (2898 turns).

mhtbhm the Cleaver (Minotaur Berserker)             Turns: 2898, Time: 00:02:48

Health: 0/101      AC: -1    Str: 24    XL:     10   Next: 10%
Magic:  9/9        EV: 15    Int:  4    God:    Trog [*****.]
Gold:   200        SH:  0    Dex: 11    Spells: 9/9 levels left

rFire    . . .     SeeInvis .   a - +0 hand axe
rCold    . . .     Faith    .   (no shield)
rNeg     . . .     Spirit   .   b - +0 animal skin
rPois    .         Reflect  .   (helmet restricted)
rElec    .         Harm     .   (no cloak)
rCorr    .         Rampage  .   (no gloves)
Will     .....     NoTele   +   (no boots)
Stlth    ++++......             j - amulet of invisibility {+Inv}
HPRegen  0.26/turn              k - +4 ring of protection
MPRegen  0.11/turn              (no ring)

@: corroded, on berserk cooldown, very slightly contaminated, slowed, very slow
A: horns 2, retaliatory headbutt
a: Renounce Religion, Evoke Invisibility, Berserk, Trog's Hand, Brothers in Arms


You were in the Dungeon.
You worshipped Trog.
Trog was extremely pleased with you.
You visited 1 branch You collected 200 gold pieces.

Inventory:

Hand Weapons
 a - a +0 hand axe (weapon)
Armour
 b - a +0 animal skin (worn)
Jewellery
 j - the amulet of invisibility (around neck) {+Inv}
   (You found it in the Dungeon)

   [amulet of nothing]

   It lets you turn invisible.
 k - a +4 ring of protection (left hand)
Scrolls
 h - a scroll of blinking
 i - a scroll of identify {unknown}
 m - a scroll of silence {unknown}
 n - a scroll of enchant armour {unknown}
Potions
 c - a potion of curing
 e - a potion of haste
 f - 2 potions of magic
 g - a potion of berserk rage
Miscellaneous
 l - a phial of floods


   Skills:
 + Level 13.5 Fighting
 + Level 14.6 Axes
 + Level 5.9 Armour
 + Level 9.0 Dodging
 + Level 10.9 Stealth
 + Level 7.3 Evocations


You had 9 spell levels left.
You didn't know any spells.
Your spell library was empty.

Dungeon Overview and Level Annotations

Branches:
Dungeon (1/1)

Altars:
Cheibriados
Dithmenos
Elyvilon
Gozag
Hepliaklqana
Kikubaaqudgha
Makhleb
Nemelex Xobeh
Okawaru
Qazlal
Ru
Sif Muna
Trog
Uskayaw
Vehumet
Wu Jian
Xom
Yredelemnul
Zin
The Shining One
Beogh
Jiyva
Lugonu

Shops:
D [[:(

Annotations:
D exclusion: oklob plant


Innate Abilities, Weirdness & Mutations

You have a pair of horns on your head.
You reflexively headbutt those who attack you in melee.


Message History

The oklob plant shifter spits acid at you.
The splash of acid hits you! The acid corrodes you!
You are splashed with acid!
You catch the helpless oklob plant shifter completely off-guard!
You slash the oklob plant shifter!
The oklob plant shifter is heavily damaged.
The oklob plant shifter casts a spell at you.
You blink.
You flicker for a moment.
Unknown command.
You feel a strong urge to attack something.
You are no longer berserk.
You are exhausted.
You feel yourself slow down.
The oklob plant shifter spits acid at something.
Unknown command.
You flicker back into view.
The oklob plant shifter spits acid at you.
The splash of acid hits you!
* * * LOW HITPOINT WARNING * * *
You are splashed with acid!
* * * LOW HITPOINT WARNING * * *
The oklob plant shifter stares at you and mumbles some strange words.
You blink.
You feel much better.
The oklob plant shifter spits acid at you.
The splash of acid hits you!
* * * LOW HITPOINT WARNING * * *
You are splashed with acid.
* * * LOW HITPOINT WARNING * * *
Unknown command.
Your troll goes berserk!
The oklob plant shifter spits acid at you.
The splash of acid misses you.
Unknown command.
Okay, then.
You fail to use your ability.
Your troll rages.
The oklob plant shifter spits acid at you.
The splash of acid hits you!
You die...

########################
_._._.⌠.#.(')..#....##∩#
._._._..'..#)..#....'(:#
_._._...#..###'##.)(##∩#
._._._..#..##∩∩.'...####
_._._.⌠.#############
#############....[?#
..♣)###.'..'.....$T+
♣..♣##:.#..#....@.P#
.♣).###.##+##.P....#
...♣'...# ########
#########


You could see an oklob plant shifter (ally target) and a friendly troll
(summoned, berserk).

Vanquished Creatures
  A spriggan druid (D)
  5 oklob plants (D)
  3 burning bushes (D)
  3 wandering mushrooms (D)
  A queen bee (D)
  3 scorpions (D)
  4 killer bees (D)
  5 oklob saplings (D)
  2 spriggans (D)
  A river rat (D)
  A rat (D)
  A ballistomycete spore (D)
30 creatures vanquished.

Vanquished Creatures (others)
  3 fungi (D)
3 creatures vanquished.

Grand Total: 33 creatures vanquished

Notes
Turn   | Place    | Note
-------+----------+-------------------------------------------
     0 | D        | mhtbhm the Minotaur Berserker began the quest for the Orb.
     0 | D        | Reached XP level 1. HP: 19/19 MP: 0/0
     8 | D        | Reached skill level 4 in Axes
     8 | D        | Reached XP level 2. HP: 28/28 MP: 1/1
    57 | D        | Noticed an oklob sapling
    58 | D        | Killed an oklob sapling
    58 | D        | Reached ** piety under Trog
    59 | D        | Reached skill level 5 in Fighting
    59 | D        | Reached skill level 6 in Axes
    59 | D        | Reached XP level 3. HP: 37/37 MP: 2/2
   302 | D        | Noticed a scorpion
   303 | D        | Found the amulet of invisibility {+Inv}
   307 | D        | Killed a scorpion
   308 | D        | Reached skill level 7 in Axes
   308 | D        | Reached XP level 4. HP: 47/47 MP: 3/3
   355 | D        | Found an opulent altar of Gozag.
   355 | D        | Found a hazy altar of Hepliaklqana.
   355 | D        | Found a burning altar of Makhleb.
   355 | D        | Found a sparkling altar of Nemelex Xobeh.
   355 | D        | Found a snail-covered altar of Cheibriados.
   355 | D        | Found a sacrificial altar of Ru.
   355 | D        | Found a shimmering blue altar of Sif Muna.
   355 | D        | Found a shimmering altar of Xom.
   355 | D        | Found a basalt altar of Yredelemnul.
   356 | D        | Found a viscous altar of Jiyva.
   356 | D        | Found a bloodstained altar of Trog.
   356 | D        | Found an ornate altar of the Wu Jian Council.
   357 | D        | Found an iron altar of Okawaru.
   357 | D        | Found a shadowy altar of Dithmenos.
   357 | D        | Found a glowing silver altar of Zin.
   358 | D        | Found an ancient bone altar of Kikubaaqudgha.
   358 | D        | Found a hide-covered altar of Uskayaw.
   359 | D        | Found a stormy altar of Qazlal.
   359 | D        | Found a white marble altar of Elyvilon.
   359 | D        | Found a glowing golden altar of the Shining One.
   360 | D        | Found a corrupted altar of Lugonu.
   360 | D        | Found a radiant altar of Vehumet.
   367 | D        | HP: 1/47 [acid (11)]
   370 | D        | Reached skill level 8 in Axes
   370 | D        | Reached XP level 5. HP: 2/56 MP: 2/4
   686 | D        | Reached *** piety under Trog
   687 | D        | Reached skill level 9 in Axes
   687 | D        | Reached skill level 1 in Evocations
   932 | D        | Reached skill level 5 in Armour
   932 | D        | Reached skill level 1 in Stealth
   936 | D        | Reached skill level 10 in Axes
   936 | D        | Reached XP level 6. HP: 59/66 MP: 5/5
  1177 | D        | Found Jetycrod's Antique Armour Shop.
  1177 | D        | Found Toxopn's Armour Emporium.
  1289 | D        | Noticed a burning bush
  1289 | D        | Noticed a wandering mushroom
  1290 | D        | Noticed a wandering mushroom
  1297 | D        | Killed a wandering mushroom
  1297 | D        | Reached **** piety under Trog
  1298 | D        | Reached skill level 10 in Fighting
  1298 | D        | Reached skill level 11 in Axes
  1298 | D        | Reached skill level 5 in Dodging
  1299 | D        | Reached XP level 7. HP: 73/73 MP: 3/6
  1307 | D        | Killed a burning bush
  1308 | D        | Reached skill level 12 in Axes
  1308 | D        | Killed a wandering mushroom
  1311 | D        | Found Ohostot's Weapon Emporium.
  1311 | D        | Found Noprunt's Book Shoppe.
  1314 | D        | Identified the Volume of the Shifting Frostbite
  1403 | D        | Noticed a queen bee
  1412 | D        | Reached ***** piety under Trog
  1413 | D        | Reached skill level 5 in Stealth
  1413 | D        | Reached XP level 8. HP: 83/83 MP: 7/7
  1416 | D        | Killed a queen bee
  1416 | D        | Received a gift from Trog
  1417 | D        | Reached skill level 5 in Evocations
  1493 | D        | Noticed an oklob plant
  1501 | D        | Killed an oklob plant
  1502 | D        | Reached skill level 13 in Axes
  1657 | D        | Noticed a burning bush
  1674 | D        | Killed a burning bush
  1675 | D        | Reached XP level 9. HP: 50/92 MP: 8/8
  2002 | D        | Noticed a burning bush
  2002 | D        | Noticed an oklob plant
  2003 | D        | Noticed a wandering mushroom
  2013 | D        | Killed a burning bush
  2026 | D        | Killed an oklob plant
  2036 | D        | Killed a wandering mushroom
  2036 | D        | Received a gift from Trog
  2037 | D        | Reached skill level 14 in Axes
  2414 | D        | Noticed a spriggan druid
  2418 | D        | Killed a spriggan druid
  2419 | D        | Reached skill level 10 in Stealth
  2660 | D        | Noticed an oklob plant conjurer
  2665 | D        | Killed an oklob plant conjurer
  2867 | D        | Noticed an oklob plant
  2867 | D        | Noticed an oklob plant summoner
  2868 | D        | Noticed an oklob plant shifter
  2878 | D        | Killed an oklob plant
  2879 | D        | Reached XP level 10. HP: 71/101 MP: 7/9
  2887 | D        | Killed an oklob plant summoner
  2898 | D        | Killed from afar by an oklob plant shifter

Illustrated notes

Levels and vault maps discovered:
D:        dungeon_sprint_fedhas [sprint_temple]

Skill      XL: |  1  2  3  4  5  6  7  8  9 10 |
---------------+-------------------------------+-----
Fighting       | 4 5 7 8 9 10 12 13 | 13.5
Axes           | 4 6 7 8 10 11 12 13 14 | 14.6
Armour         | 3 4 5 |  5.9
Dodging        | 3 4 5 6 7 8 9 |  9.0
Evocations     | 2 3 4 6 7 |  7.3
Stealth        | 1 3 5 7 10 | 10.9

Action                   |  1- 3 |  4- 6 |  7- 9 | 10-12 || total
-------------------------+-------+-------+-------+-------++-------
Melee: Hand axe          |     8 |    25 |    78 |     7 ||   118
       Headbutt          |     2 |     6 |    32 |     1 ||    41
Invok: Berserk           |     3 |     4 |     6 |     1 ||    14
       Brothers in Arms  |       |       |       |     1 ||     1
 Abil: Evoke Invisibilit |       |     3 |     3 |       ||     6
  Use: Potion            |       |       |       |     1 ||     1
 Stab: Invisible         |       |     3 |     9 |     6 ||    18
       Sleeping          |       |     1 |     7 |       ||     8
Armor: Animal skin       |     1 |       |     1 |       ||     2
Dodge: Dodged            |     1 |     8 |    24 |     2 ||    35

Table legend: (Time is in decaauts)
 A = Elapsed time spent in this place.
 B = Non-inter-level travel time spent in this place.
 C = Inter-level travel time spent in this place.
 D = Time resting spent in this place.
 E = Time spent auto-exploring this place.
 F = Levels seen in this place.
 G = Mean time per level.
                   A        B        C        D        E       F      G
               +--------+--------+--------+--------+--------+-----+--------+
         Total |   2982 |   2982 |      0 |   2572 |      3 |   1 | 2982.0 |
       Dungeon |   2982 |   2982 |      0 |   2572 |      3 |   1 | 2982.0 |
               +--------+--------+--------+--------+--------+-----+--------+

Top non-repeatable levels by time:
       D: 2982 daAuts
